AoeStats
← Emnesty_x3

Arena

508960938Analyzed
4v4 RM · 9d ago on Sep 24, 2026· 38m 38s· 8 players
Game mode
Random Map
Map size
Large (8 player)
Population
200
Speed
Normal
Resources
Standard
Victory
Conquest
Starting age
Dark Age
Ending age
Imperial Age
RankedLock teamsTeams togetherTeam positionsShared explorationLock speedFull tech treeHidden civsTurbo modeCheats
Victory
Defeat
🇲🇽 Britons · Mexico
1583
+13
🇹🇷 Hindustanis · Türkiye
1578
+14
🇧🇴 Wu · Bolivia
1550
+15
🇩🇪 Khmer · Germany
1510
+16
🇨🇳 Maya · China
1661
-20
🇨🇳 Saxons · China
1619
-18
🇺🇸 Huns · United States
1408
-10
🇹🇼 Varangians · Taiwan
1396
-10
Rv
10:28 Feudal Age
11:54 Double-Bit Axe
14:13 Castle Age
15:21 Bow Saw
14:52 Horse Collar
20:18 Town Watch
20:51 Loom
22:14 Wheelbarrow
25:49 Imperial Age
23:33 Fletching
23:59 Crossbowman
25:02 Bodkin Arrow
25:49 Padded Archer Armor
26:15 Ballistics
26:35 Bracer
26:08 Capped Ram
27:49 Leather Archer Armor
28:38 Chemistry
27:50 Gold Mining
28:16 Arbalester
30:15 Ring Archer Armor
30:45 Conscription
32:29 Yeomen
33:27 Masonry
34:27 Hand Cart
35:23 Warwolf
35:56 Architecture
35:59 Siege Engineers
36:55 Treadmill Crane
38:10 Hoardings
38:19 Town Patrol
[ECU] Pendeck's
6:32 Loom
8:55 Feudal Age
9:40 Double-Bit Axe
10:45 Fletching
11:07 Town Watch
16:21 Horse Collar
19:55 Wheelbarrow
22:36 Scale Mail Armor
24:54 Castle Age
23:13 Forging
25:57 Chain Mail Armor
28:14 Gold Mining
28:35 Bow Saw
28:25 Heavy Plow
36:15 Squires
36:51 Iron Casting
36:54 Arson
37:51 Hand Cart
nicetobeatyou
10:30 Feudal Age
14:03 Castle Age
11:47 Horse Collar
14:19 Double-Bit Axe
15:21 Heavy Plow
18:16 Bow Saw
21:37 Wheelbarrow
22:14 Gold Mining
24:22 Stone Mining
27:05 Imperial Age
24:34 Loom
25:05 Hand Cart
24:36 Town Watch
25:56 Gold Shaft Mining
26:43 Bloodlines
26:35 Husbandry
26:45 Scale Barding Armor
26:50 Forging
28:03 Chain Barding Armor
27:19 Heavy Camel Rider
27:38 Onager
27:43 Siege Elephant
29:57 Two-Man Saw
29:19 Imperial Camel Rider
31:13 Iron Casting
31:30 Conscription
32:29 Plate Barding Armor
34:09 Blast Furnace
33:52 Stone Shaft Mining
37:00 Light Cavalry
39:08 Siege Engineers
40:04 Chemistry
Emnesty_x3
10:38 Feudal Age
13:35 Castle Age
11:36 Double-Bit Axe
11:33 Horse Collar
14:41 Bow Saw
14:33 Heavy Plow
21:56 Gold Mining
24:48 Gold Shaft Mining
24:06 Stone Mining
24:53 Wheelbarrow
25:03 Loom
25:35 Husbandry
26:34 Stone Shaft Mining
28:46 Imperial Age
27:26 Ballistics
28:37 Bloodlines
30:52 Chemistry
30:57 Double Crossbow
30:20 Elite Ballista Elephant
31:24 Conscription
31:01 Fletching
34:36 Siege Engineers
35:58 Scale Barding Armor
36:04 Forging
36:50 Light Cavalry
37:53 Chain Barding Armor
38:08 Iron Casting
37:45 Hussar
Lion Heart
10:13 Feudal Age
10:02 Loom
14:58 Castle Age
19:25 Double-Bit Axe
24:12 Bow Saw
24:32 Horse Collar
25:19 Heavy Plow
28:01 Elite Skirmisher
Bz_青红
9:52 Feudal Age
13:37 Castle Age
11:43 Double-Bit Axe
12:11 Horse Collar
22:53 Wheelbarrow
22:24 Loom
22:54 Bow Saw
22:47 Heavy Plow
27:51 Imperial Age
25:59 Fletching
26:40 Bodkin Arrow
26:43 Gold Mining
26:45 Stone Mining
27:40 Ballistics
28:00 Padded Archer Armor
28:57 Conscription
28:39 Bracer
29:47 Chemistry
29:33 Elite Plumed Archer
30:41 Leather Archer Armor
30:53 Thumb Ring
31:56 Ring Archer Armor
31:32 Squires
31:19 Arson
31:35 Scale Mail Armor
31:45 Forging
33:38 Capped Ram
34:29 Siege Ram
37:52 Chain Mail Armor
洞腰腰
10:38 Feudal Age
14:31 Castle Age
13:10 Double-Bit Axe
13:07 Horse Collar
15:26 Bow Saw
18:21 Wheelbarrow
22:21 Heavy Plow
29:02 Imperial Age
26:45 Loom
27:58 Squires
27:44 Arson
28:10 Scale Mail Armor
28:20 Forging
27:56 Treadmill Crane
28:21 Gold Mining
29:07 Elite Varangian Guard
30:04 Chain Mail Armor
30:25 Iron Casting
30:19 Conscription
31:15 Plate Mail Armor
31:55 Masonry
33:54 Siege Engineers
33:15 Pikeman
33:34 Onager
36:01 Blast Furnace
只想躺赢
10:06 Feudal Age
13:42 Castle Age
11:38 Double-Bit Axe
12:30 Horse Collar
14:35 Bow Saw
17:08 Wheelbarrow
22:17 Hand Cart
21:49 Loom
22:26 Stone Mining
22:31 Gold Mining
25:09 Loom
25:10 Town Watch
28:16 Imperial Age
26:12 Scale Mail Armor
26:23 Forging
27:09 Chain Mail Armor
27:03 Squires
28:00 Arson
28:29 Forging
29:32 Plate Mail Armor
28:35 Elite Hearth Troop
30:21 Iron Casting
31:20 Heavy Plow
33:33 Fletching
35:13 Bodkin Arrow
34:57 Pikeman
36:57 Elite Varangian Guard
Connection lost

Rejoining the realm…

Still unreachable

The connection could not be restored.

Session expired

The server has moved on; the page needs a fresh start.